 Dungeon Crawl Stone Soup version 0.27.1-35-g4d5d836560 (webtiles) character file.

Game seed: 4315332079292354749

46 Delamore the Sneak (level 3, -2/24 HPs)
             Began as an Octopode Brigand on Apr 29, 2022.
             Slain by a ball python (3 damage)
             ... on level 2 of the Dungeon.
             The game lasted 00:01:43 (1100 turns).

Delamore the Sneak (Octopode Brigand)               Turns: 1100, Time: 00:01:43

Health: -2/24      AC:  1    Str:  7 (10) XL:     3   Next: 66%
Magic:  3/3        EV: 12    Int: 12 (13) God:
Gold:   67         SH:  0    Dex: 12 (14) Spells: 2/2 levels left

rFire    . . .     SeeInvis .   a - +2 dagger
rCold    . . .     Faith    .   (no shield)
rNeg     . . .     Spirit   .   (helmet restricted)
rPois    .         Reflect  .   (no amulet)
rElec    .         Harm     .   (no ring)
rCorr    .         Rampage  .   (no ring)
Will     .....                  (no ring)
Stlth    ++++......             (no ring)
HPRegen  0.08/turn              (no ring)
MPRegen  0.08/turn              (no ring)
                                (no ring)
                                (no ring)

@: weak-willed
A: almost no armour, amphibious, 8 rings, camouflage 1, gelatinous body 1,
(nimble swimmer 1), tentacles
a: no special abilities


You were on level 2 of the Dungeon.
You visited 1 branch of the dungeon, and saw 2 of its levels.

You collected 67 gold pieces.

Inventory:

Hand Weapons
 a - a +2 dagger (weapon)
Missiles
 b - 27 poisoned darts (quivered)
 c - 2 curare-tipped darts
Scrolls
 d - a scroll of magic mapping
 e - a scroll of brand weapon
 f - a scroll of vulnerability
 h - a scroll of amnesia {unknown}
 j - a scroll of torment {unknown}


   Skills:
 - Level 2.0 Fighting
 * Level 3.4 Short Blades
 - Level 2.0 Throwing
 - Level 1.0 Dodging
 + Level 6.0 Stealth


You had 2 spell levels left.
You didn't know any spells.
Your spell library contained the following spells:

 Spells                   Type           Power      Damage    Failure   Level
 Beastly Appendage        Tmut           0%         N/A       32%         1
 Wereblood                Tmut           0%         N/A       45%         2
 Spider Form              Tmut/Pois      0%         N/A       69%         3


Dungeon Overview and Level Annotations

Branches:
Dungeon (2/15)

Altars:


Innate Abilities, Weirdness & Mutations

You cannot wear most types of armour.
You are amphibious.
You can wear up to eight rings at the same time.
Your skin changes colour to match your surroundings (Stealth+).
Your rubbery body absorbs attacks. (AC +1, EV +1)
((You are camouflaged near water. (Stealth+)))
You have tentacles for arms and can constrict up to eight enemies at once.


Message History

a +0 club; a goblin corpse The jelly jiggles.
You hit the jelly.
Your tentacles burn!
The jelly is moderately wounded.
The jelly misses you.
You hit the jelly. The acid corrodes you!
Your tentacles burn!
* * * LOW HITPOINT WARNING * * *
The jelly is heavily wounded.
The jelly barely misses you.
You hit the jelly but do no damage.
Your tentacles burn!
* * * LOW HITPOINT WARNING * * *
The jelly is heavily wounded.
The jelly barely misses you.
You are no longer corroded.
Okay, then.
You see here a +0 club.
A ball python comes into view.
It was a potion of degeneration.
There was something very wrong with that liquid.
You feel weakened.
You feel dopey.
You feel clumsy. The jelly closely misses you.
It was a potion of heal wounds.
You feel much better. The jelly hits you.
You are splashed with acid!
You aren't carrying any items that you can evoke.
Unknown command.
As you read the scroll labelled TALATSOOWK, it crumbles to dust.
Magic quickly surges around you.
It was a scroll of vulnerability.
The jelly hits you but does no damage.
You hit the jelly.
Your tentacles burn!
The jelly is severely wounded.
The jelly hits you.
You are splashed with acid!
* * * LOW HITPOINT WARNING * * *
You aren't carrying any potions.
You barely miss the jelly.
The jelly is severely wounded.
The jelly hits you but does no damage.
You hit the jelly.
You kill the jelly!
The ball python bites you.
You die...

#.###.## .## ##.# #.###.##
##.#.####### ##........#
#..#####.# ###.)#####.#
.....#...#.###############
..............).@S.......#
...........#############.#
#......#.#.#...## #####..##
.....##.##....#.###.......##
#.#.#######.#.......###....#
......
#.###.###.##.[##.######
#.###.#
##...#.......###....... ..#
.# #####.##..)...........
..# . ...#######..#..####


You could see a ball python (weak-willed).

Vanquished Creatures
  A jelly (D:2)
  2 adders (D:2)
  A worm (D:2)
  2 ball pythons (D:2)
  3 endoplasms
  4 giant cockroaches
  4 goblins (D:2)
  2 hobgoblins
  2 quokkas
  A bat (D:2)
  2 rats
24 creatures vanquished.

Notes
Turn   | Place    | Note
-------+----------+-------------------------------------------
     0 | D:1      | Delamore the Octopode Brigand began the quest for the Orb.
     0 | D:1      | Reached XP level 1. HP: 14/14 MP: 1/1
     1 | D:1      | Noticed an electric eel
   371 | D:1      | Reached XP level 2. HP: 19/19 MP: 2/2
   696 | D:2      | Reached XP level 3. HP: 24/24 MP: 3/3
   977 | D:2      | Reached skill level 6 in Stealth
  1059 | D:2      | HP: 1/24 [acid (5)]
  1098 | D:2      | HP: 1/24 [acid (7)]
  1100 | D:2      | Slain by a ball python

Illustrated notes

Levels and vault maps discovered:
D:1:      arrival_aquarium_a, layout_loops_ring
D:2:      minmay_recursive_quarters, layout_loops_ring,
          shapermc_ecumenical_altar_mp_urbaneastern, minmay_pentomino_p2

Skill      XL: |  1  2  3 |
---------------+----------+-----
Short Blades   | 3 |  3.4
Stealth        | 6 |  6.0
Fighting       | |  2.0
Throwing       | |  2.0
Dodging        | |  1.0

Action                   || total
-------------------------++-------
Melee: Dagger            ||    44
       Constrict         ||    10
       Tentacles         ||     5
Throw: Dart              ||     6
  Use: Scroll            ||     3
       Potion            ||     2
 Stab: Sleeping          ||    10
Armor: Skin              ||     5
Dodge: Dodged            ||    21
